AoeStats
← per1993

Arena

508226824Analyzed
1v1 RM · 12d ago on Sep 21, 2026· 38m 20s· 2 players
Game mode
Random Map
Map size
Tiny (2 player)
Population
200
Speed
Normal
Resources
Standard
Victory
Conquest
Starting age
Dark Age
Ending age
Imperial Age
RankedLock teamsTeams togetherTeam positionsShared explorationLock speedFull tech treeHidden civsTurbo modeCheats
Victory
Defeat
🇷🇸 Vietnamese · Serbia
933
+17
🇪🇸 Burgundians · Spain
954
-17
nightmare
11:39 Feudal Age
16:51 Castle Age
15:40 Double-Bit Axe
16:15 Horse Collar
19:13 Gold Mining
19:48 Bow Saw
21:34 Fletching
24:34 Wheelbarrow
25:27 Bodkin Arrow
26:58 Town Watch
31:01 Imperial Age
28:35 Stone Mining
29:41 Forging
29:32 Scale Mail Armor
30:37 Padded Archer Armor
31:42 Iron Casting
31:50 Ballistics
31:33 Elite Fire Lancer
33:25 Two-Man Saw
33:41 Chemistry
34:40 Squires
35:09 Arson
35:37 Bracer
35:53 Leather Archer Armor
35:54 Chain Mail Armor
per1993
9:34 Feudal Age
8:48 Double-Bit Axe
10:51 Bow Saw
11:23 Horse Collar
12:40 Loom
19:56 Castle Age
18:29 Heavy Plow
18:23 Gold Mining
20:22 Forging
22:07 Two-Man Saw
23:32 Wheelbarrow
23:17 Stone Mining
24:01 Crop Rotation
24:33 Squires
25:09 Scale Mail Armor
26:01 Town Watch
26:29 Husbandry
25:51 Cavalier
26:52 Scale Barding Armor
28:11 Hand Cart
29:22 Iron Casting
29:09 Treadmill Crane
32:54 Imperial Age
31:01 Devotion
33:35 Gold Shaft Mining
33:47 Masonry
34:38 Chemistry
33:34 Murder Holes
34:04 Fletching
34:06 Elite Skirmisher
35:26 Conscription
35:19 Burgundian Vineyards
36:33 Bodkin Arrow
37:15 Light Cavalry
39:27 Hoardings
Connection lost

Rejoining the realm…

Still unreachable

The connection could not be restored.

Session expired

The server has moved on; the page needs a fresh start.